 Dungeon Crawl Stone Soup version 0.17.0-23-g0de4337 (webtiles) character file.

221 JudasIscariot the Cudgeler (level 5, -2/42 HPs)
             Began as a Demonspawn Berserker on Nov 14, 2015.
             Was a Priest of Trog.
             Slain by a gnoll
             ... wielding a +0 halberd
              (14 damage)
             ... on level 4 of the Dungeon.
             The game lasted 00:09:54 (2784 turns).

JudasIscariot the Cudgeler (Demonspawn Berserker)   Turns: 2784, Time: 00:09:54

Health: -2/42      AC:  6    Str: 23    XL:     5   Next: 65%
Magic:  5/5        EV: 16    Int:  9    God:    Trog [***...]
Gold:   180        SH:  0    Dex: 17    Spells: 0 memorised, 4 levels left

rFire  . . .     SeeInvis .     u - +0 flail
rCold  . . .     Clarity  .     k - +0 scale mail
rNeg   . . .     SustAt   .     (no shield)
rPois  .         Gourm    .     (no helmet)
rElec  .         Spirit   .     (no cloak)
rCorr  .         Warding  .     (no gloves)
rMut   .         Stasis   .     (no boots)
MR     ++...                    (no amulet)
Stlth  +.........               (no ring)
                                (no ring)

@: mighty, agile, exhausted, regenerating, slowed, very slow, very resistant to
hostile enchantments, very unstealthy
A: powered by pain 3
a: Berserk, Trog's Hand, Burn Spellbooks, Renounce Religion


You were on level 4 of the Dungeon.
You worshipped Trog.
Trog was most pleased with you.
You were near starving.

You visited 1 branch of the dungeon, and saw 4 of its levels.

You collected 180 gold pieces.

Inventory:

Hand Weapons
 a - a +0 mace
 u - a +0 flail (weapon)
Armour
 b - a +0 animal skin
 j - a +0 ring mail
 k - a +0 scale mail (worn)
Scrolls
 d - a scroll of magic mapping {unknown}
 e - a scroll of remove curse
 i - a scroll of teleportation {unknown}
 l - a scroll of fog {unknown}
 o - 2 scrolls of noise {unknown}
 p - a scroll of immolation {unknown}
 q - a scroll of enchant armour {unknown}
 t - a scroll of amnesia {unknown}
 v - a scroll of blinking {unknown}
 w - 2 scrolls of recharging
 x - a scroll of fear {unknown}
Potions
 g - 3 potions of haste
 h - a potion of flight {unknown}
 r - a potion of agility
 z - a potion of lignification {unknown}
 A - a potion of might {unknown}
Comestibles
 c - 4 bread rations
 f - a slice of pizza
 n - 2 meat rations
 s - 16 chunks of flesh
 B - 3 fruits


   Skills:
 * Level 4.2 Fighting
 * Level 4.3 Maces & Flails
 * Level 3.2 Armour
 - Level 1.7 Dodging


You had 4 spell levels left.
You didn't know any spells.

Dungeon Overview and Level Annotations

Branches:
Dungeon (4/15)
 Temple: D:4-7

Altars:
Okawaru
Trog


Innate Abilities, Weirdness & Mutations

You are powered by pain.


Message History

You feel yourself slow down.
You are feeling very hungry.
You sock the gnoll!
The gnoll is heavily wounded.
The gnoll closely misses you. The gnoll completely misses you.
You closely miss the gnoll.
The gnoll is heavily wounded.
The gnoll hits you with a halberd!
* * * LOW HITPOINT WARNING * * *
You focus on the pain.
You feel very mighty all of a sudden.
You are near starving!
You barely miss the gnoll.
The gnoll is heavily wounded.
The gnoll barely misses you.
You barely miss the gnoll.
The gnoll is heavily wounded.
You are no longer glowing.
The gnoll hits you with a halberd!
You die...

...## ...# ...# ...#
...############
...##.........#
...##.........#
...##.........####+##
#####.........'.@...#
#####.........###g..#
..............# #...#
.>............# #...#
..............#
#.....
.....#####+####
#....## .....# #....#
.....# #....# ######


You could see a gnoll.

Vanquished Creatures
  A gnoll shaman (D:4)
  Natasha (thrice) (D:2)
  3 adders (D:2)
  4 gnolls (D:4)
  4 worms
  5 orcs (D:4)
  9 goblins
  12 hobgoblins
  4 jackals (D:3)
  2 quokkas
  5 bats
  5 giant cockroaches
  2 giant geckos (D:3)
  3 giant newts
  6 kobolds
  11 rats
79 creatures vanquished.

Notes
Turn   | Place    | Note
--------------------------------------------------------------
     0 | D:1      | JudasIscariot the Demonspawn Berserker began the quest for the Orb.
     0 | D:1      | Reached XP level 1. HP: 18/18 MP: 1/1
   194 | D:1      | Gained mutation: You sometimes gain a little power by taking damage. [demonic ancestry]
   194 | D:1      | Reached XP level 2. HP: 12/24 MP: 2/2
   848 | D:2      | Gained mutation: You sometimes gain power by taking damage. [demonic ancestry]
   848 | D:2      | Reached XP level 3. HP: 19/29 MP: 3/3
  1141 | D:2      | Noticed Natasha
  1157 | D:2      | Killed Natasha
  1157 | D:2      | Gained mutation: You are powered by pain. [demonic ancestry]
  1157 | D:2      | Reached XP level 4. HP: 13/37 MP: 4/4
  1342 | D:2      | Found an iron altar of Okawaru.
  1603 | D:2      | Noticed Natasha
  1615 | D:2      | Killed Natasha
  1622 | D:2      | Noticed Natasha
  1627 | D:2      | Killed Natasha
  1627 | D:2      | Reached ** piety under Trog
  2254 | D:3      | Reached skill level 4 in Maces & Flails
  2361 | D:3      | Reached *** piety under Trog
  2513 | D:3      | Reached XP level 5. HP: 39/42 MP: 5/5
  2624 | D:4      | Found a bloodstained altar of Trog.
  2784 | D:4      | Slain by a gnoll

Action                   |  1- 3 |  4- 6 || total
-------------------------+-------+-------++-------
Melee: Mace              |   101 |    48 ||   149
       Flail             |       |   140 ||   140
Invok: Berserk           |     1 |     1 ||     2
       Burn Spellbooks   |       |     1 ||     1
       Trog's Hand       |       |     1 ||     1
  Use: Scroll            |       |     5 ||     5
       Potion            |       |     2 ||     2
 Stab: Sleeping          |     1 |       ||     1
  Eat: Chunk             |     1 |     6 ||     7
